Map: 2000 Atmospheres LE

Players

Harstem - Winner!

  • Race: Protoss Protoss

DnS

  • Race: Protoss Protoss

Event: DreamHack SC2 Masters 2021 Winter

VOD

Have the link to the VOD?

Description

Time

  • Played on: Oct. 10, 2021, 11:17 a.m.
  • Length: 10:30

All games in this series

Show
View Real Time Build Order
Export as new Build Order

Harstem Protoss - Winner!

Build Orders: Oracle Opening 

Get SALT Encoding   

  12  0:00  Probe  
  13  0:12  Probe  
  14  0:16  Pylon  
  14  0:24  Probe (Chrono Boost)  
  15  0:36  Gateway, Probe (Chrono Boost)  
  16  0:44  Probe (Chrono Boost)  
  16  0:46  Assimilator  
  17  0:51  Probe  
  17  0:54  Assimilator  
  18  1:03  Probe (Chrono Boost)  
  19  1:08  Gateway  
  20  1:12  Probe (Chrono Boost)  
  20  1:17  Probe (Chrono Boost)  
  20  1:24  Cybernetics Core  
  21  1:29  Probe  
  22  1:37  Pylon  
  22  1:41  Probe  
  23  1:58  Probe  
  23  2:01  Stargate  
  24  2:06  Stalker  
  28  2:17  Pylon  
  28  2:20  Warp Gate  
  26  2:25  Stalker  
  26  2:27  Probe  
  29  2:51  Oracle (Chrono Boost)  
  31  3:00  Nexus  
  31  3:02  Probe  
  32  3:07  Pylon  
  32  3:15  Probe  
  33  3:20  Twilight Council  
  33  3:28  Probe (Chrono Boost)  
  34  3:34  Shield Battery  
  34  3:41  Probe (Chrono Boost)  
  35  3:44  Forge  
  35  3:46  Probe (Chrono Boost)  
  36  3:55  Probe  
  37  4:00  Blink  
  37  4:07  Probe  
  38  4:13  Probe  
  39  4:19  Probe, Protoss Ground Weapons Level 1 (Chrono Boost)  
  39  4:23  Stalker  
  42  4:25  Probe (Chrono Boost)  
  42  4:27  Stalker  
  45  4:31  Probe (Chrono Boost)  
  45  4:37  Probe (Chrono Boost)  
  47  4:41  Probe (Chrono Boost)  
  47  4:43  Probe (Chrono Boost)  
  49  4:46  Probe (Chrono Boost)  
  49  4:47  Sentry  
  49  4:51  Probe  
  53  4:56  Nexus  
  53  4:59  Nexus  
  53  5:01  Probe  
  53  5:04  Probe  
  55  5:08  Robotics Facility, Phoenix  
  55  5:13  Stalker  
  57  5:17  Probe  
  57  5:20  Probe  
  59  5:23  Pylon  
  59  5:26  Assimilator  
  59  5:30  Gateway  
  59  5:32  Pylon  
  59  5:41  Probe x2  
  61  5:49  Gateway  
  61  5:51  Pylon  
  61  5:52  Stalker  
  61  5:54  Stalker, Gateway, Probe  
  61  5:56  Observer  
  67  5:57  Probe  
  68  6:07  Charge  
  68  6:08  Probe (Chrono Boost)  
  68  6:09  Probe (Chrono Boost)  
  70  6:11  Probe (Chrono Boost)  
  70  6:12  Shield Battery  
  73  6:20  Probe (Chrono Boost)  
  73  6:21  Probe (Chrono Boost)  
  73  6:22  Probe (Chrono Boost)  
  73  6:25  Stalker x3, Probe (Chrono Boost)  
  74  6:26  Probe (Chrono Boost)  
  82  6:33  Assimilator  
  82  6:34  Pylon  
  82  6:37  Assimilator, Protoss Ground Weapons Level 2  
  82  6:46  Probe x2  
  84  6:48  Probe  
  84  6:50  Gateway  
  84  6:51  Zealot  
  84  6:52  Gateway  
  84  6:53  Stalker  
  89  6:58  Probe x2  
  89  7:01  Probe  
  92  7:04  Robotics Bay  
  92  7:05  Pylon  
  92  7:07  Photon Cannon  
  92  7:15  Stalker x3  
  92  7:20  Probe  
  92  7:21  Probe  
  100  7:26  Robotics Facility, Zealot x2  
  104  7:38  Pylon  
  104  7:41  Probe  
  105  7:46  Nexus  
  105  7:47  Pylon  
  105  7:50  Disruptor (Chrono Boost)  
  108  7:53  Probe  
  108  7:55  Pylon  
  108  7:56  Dark Shrine  
  108  7:58  Assimilator, Pylon  
  109  8:05  Pylon  
  109  8:10  Probe  
  109  8:12  Stalker x4  
  118  8:15  Photon Cannon  
  118  8:17  Disruptor (Chrono Boost)  
  122  8:20  Probe, Shield Battery  
  122  8:24  Photon Cannon, Probe  
  122  8:25  Disruptor (Chrono Boost)  
  122  8:26  Probe  
  124  8:32  Probe  
  128  8:42  Probe  
  132  8:48  Zealot x6  
  132  8:49  Disruptor (Chrono Boost)  
  132  8:50  Probe  
  132  8:51  Pylon  
  132  8:54  Shield Battery  
  145  8:57  Disruptor (Chrono Boost)  
  145  8:58  Photon Cannon  
  148  9:09  Dark Templar x2  
  152  9:10  Zealot x3  
  158  9:18  Disruptor  
  158  9:20  Probe x2  
  158  9:22  Assimilator  
  163  9:26  Disruptor  
  163  9:27  Assimilator  
  163  9:28  Pylon  
  165  9:44  Zealot x4, Dark Templar  
  167  9:53  Zealot x2  
  159  10:16  Stalker  
  159  10:17  Zealot x2  
  155  10:22  Zealot x4  
Show
View Real Time Build Order
Export as new Build Order

DnS Protoss 

Build Orders: Zealot Archon, Dark Templar Rush 

Get SALT Encoding   

  12  0:00  Probe  
  13  0:12  Probe  
  14  0:18  Pylon  
  14  0:24  Probe (Chrono Boost)  
  15  0:36  Probe (Chrono Boost)  
  15  0:38  Gateway  
  16  0:44  Probe (Chrono Boost)  
  16  0:46  Assimilator  
  17  0:51  Probe  
  17  0:55  Assimilator  
  18  1:03  Probe (Chrono Boost)  
  19  1:08  Gateway  
  19  1:12  Probe (Chrono Boost)  
  19  1:17  Probe (Chrono Boost)  
  20  1:24  Cybernetics Core  
  21  1:29  Probe  
  22  1:34  Pylon  
  22  1:41  Probe  
  23  1:53  Probe  
  24  2:00  Stalker x2  
  28  2:01  Warp Gate  
  28  2:06  Probe  
  29  2:11  Pylon  
  29  2:31  Sentry x2  
  33  2:47  Nexus  
  33  2:55  Probe  
  34  3:01  Twilight Council  
  34  3:07  Probe  
  35  3:17  Pylon  
  35  3:21  Probe  
  35  3:24  Sentry, Pylon  
  38  3:33  Probe  
  38  3:44  Dark Shrine  
  38  3:45  Gateway, Probe (Chrono Boost)  
  39  3:57  Probe (Chrono Boost)  
  41  4:03  Blink  
  41  4:04  Probe x2 (Chrono Boost)  
  42  4:11  Probe  
  42  4:13  Probe  
  43  4:22  Stalker  
  43  4:24  Probe (Chrono Boost)  
  46  4:25  Probe (Chrono Boost)  
  46  4:27  Stalker  
  49  4:35  Probe (Chrono Boost)  
  49  4:37  Probe (Chrono Boost)  
  51  4:40  Probe (Chrono Boost), Forge  
  51  4:41  Probe (Chrono Boost)  
  53  4:50  Probe  
  53  4:51  Probe  
  55  4:58  Dark Templar  
  57  5:02  Probe  
  57  5:03  Protoss Ground Weapons Level 1 (Chrono Boost)  
  57  5:04  Probe  
  59  5:14  Nexus  
  59  5:15  Probe  
  59  5:16  Pylon  
  59  5:20  Probe  
  61  5:22  Stalker  
  61  5:27  Probe  
  64  5:28  Assimilator  
  64  5:29  Pylon  
  64  5:32  Probe  
  65  5:36  Dark Templar  
  65  5:39  Probe  
  68  5:44  Probe  
  68  5:45  Archon  
  68  5:46  Stalker  
  71  5:51  Probe  
  71  5:56  Probe  
  73  5:57  Gateway  
  73  6:01  Robotics Facility  
  73  6:03  Probe  
  74  6:08  Probe  
  74  6:09  Stalker  
  77  6:11  Shield Battery  
  77  6:14  Stalker  
  77  6:15  Probe  
  80  6:18  Stalker  
  80  6:21  Probe  
  80  6:24  Pylon  
  83  6:27  Probe  
  83  6:30  Probe  
  85  6:33  Probe  
  85  6:38  Dark Templar  
  88  6:40  Probe  
  88  6:42  Probe  
  88  6:43  Charge (Chrono Boost)  
  88  6:45  Gateway x2  
  89  6:47  Gateway  
  89  6:48  Gateway  
  89  6:50  Probe  
  89  6:52  Probe  
  91  6:54  Probe  
  91  6:55  Assimilator  
  91  6:56  Observer  
  93  7:02  Protoss Ground Weapons Level 2 (Chrono Boost)  
  93  7:03  Probe  
  93  7:04  Assimilator, Probe  
  93  7:06  Pylon  
  95  7:12  Probe  
  96  7:22  Zealot x2  
  100  7:27  Gateway, Pylon  
  100  7:29  Pylon  
  100  7:34  Zealot  
  102  7:39  Immortal (Chrono Boost)  
  106  7:44  Nexus  
  106  7:46  Templar Archives  
  106  7:49  Stalker x2, Zealot  
  106  7:50  Zealot x2  
  116  7:52  Pylon  
  115  8:06  Zealot x2  
  115  8:10  Probe x3  
  115  8:11  Pylon  
  121  8:18  Zealot x2  
  121  8:19  Zealot  
  127  8:22  Pylon  
  127  8:23  Photon Cannon, Pylon  
  127  8:24  High Templar x2  
  131  8:42  Archon  
  131  8:43  Zealot x2, High Templar x2  
  131  8:44  Zealot x2  
  131  8:46  Pylon  
  131  8:47  Photon Cannon  
  131  8:48  Gateway  
  143  8:49  Gateway  
  143  8:50  Photon Cannon  
  143  8:51  Archon  
  145  9:04  Warp Prism, Zealot x3, High Templar x2  
  145  9:08  Archon  
  155  9:16  Shield Battery  
  153  9:18  Photon Cannon  
  153  9:20  Zealot x3  
  159  9:32  Robotics Facility  
  159  9:33  Zealot x3  
  160  9:42  Zealot x6  
  160  9:43  Observer (Chrono Boost)  
  155  10:04  Nexus  
  155  10:06  Pylon  
  143  10:08  Pylon  
  94  10:23  Stalker x7  

Tags
 
Add a new tag
Caveats
  • Supply blocks, unpowered buildings, or Contaminate may cause inaccurate times.
  • Supply counts are checked every 10 seconds.